 Dungeon Crawl Stone Soup version 0.32-a0-872-g59262bd (webtiles) character file.

Game seed: 4116211862864986297

250 lyrin the Poker (level 6, -1/49 HPs)
             Began as a Formicid Monk on Mar 30, 2024.
             Slain by a bullfrog (8 damage)
             ... in a sewer.
             The game lasted 00:05:16 (3415 turns).

lyrin the Poker (Formicid Monk)                     Turns: 3415, Time: 00:05:17

Health: -1/49      AC:  2    Str: 16    XL:     6   Next: 35%
Magic:  6/6        EV:  2    Int: 11    God:
Gold:   113        SH:  0    Dex: 16    Spells: 5/5 levels left

rFire   . . .        o - +4 quarterstaff (spect)
rCold   . . .        d - orb {light}
rNeg    . . .        b - +0 robe
rPois   .            (helmet unavailable)
rElec   .            (no cloak)
rCorr   +            (no gloves)
SInv    +            (no boots)
Will    .....        (no amulet)
Stlth   +            k - ring of resist corrosion
HPRegen 0.28/turn    (no ring)
MPRegen 0.10/turn

%: no passive effects
@: glowing, constricted
A: permanent stasis, dig shafts and tunnels, antennae 3, four strong arms
a: Dig


You were in a sewer.
You visited 1 branch of the dungeon, and saw 4 of its levels.
You also visited: Sewer.

You collected 113 gold pieces.

Inventory:

Hand Weapons
 a - a +0 spear
 m - a +0 halberd
 o - a +4 spectral quarterstaff (weapon)
Armour
 b - a +0 robe (worn)
 d - an orb of light (worn)
 q - the +1 robe "Osaikeysch" {rC+ Str+3}
   (You found it on level 4 of the Dungeon)

   Str+3:     It affects your strength (+3).
   rC+:       It protects you from cold.
Jewellery
 k - a ring of resist corrosion (left hand)
Wands
 j - a wand of mindburst (3)
Scrolls
 c - a scroll of enchant armour {unknown}
 f - a scroll of revelation {unknown}
 l - a scroll of silence
 r - a scroll of amnesia
 v - a scroll of teleportation {unknown}
Potions
 e - a potion of resistance {unknown}
 g - a potion of curing
 h - a potion of invisibility {unknown}
 i - a potion of enlightenment
 n - 2 potions of brilliance {unknown}
 p - a potion of might {unknown}
 s - a potion of cancellation
 t - a potion of lignification {unknown}
 u - a potion of haste {unknown}


   Skills:
 + Level 4.5 Fighting
 + Level 5.1(5.2) Polearms
 + Level 1.0(3.3) Staves
 + Level 3.6 Dodging


You had 5 spell levels left.
You didn't know any spells.
Your spell library contained the following spells:

 Spells                   Type           Power      Damage    Failure   Level
 Fugue of the Fallen      Necr           0%         N/A       71%         3
 Ozocubu's Armour         Ice            0%         N/A       71%         3
 Leda's Liquefaction      Alch/Erth      0%         N/A       98%         4
 Lee's Rapid Deconstruct  Erth           0%         3d4*      100%        5
 Permafrost Eruption      Ice/Erth       0%         2x4d1     100%        6
 Manifold Assault         Tloc           0%         N/A       100%        7


Dungeon Overview and Level Annotations

Branches:
Dungeon (4/15)              Sewer (1/1)
 Temple: D:4-7

Altars:
Vehumet


Innate Abilities, Weirdness & Mutations

You cannot be hasted, slowed, berserked, paralysed or teleported.
You can dig through walls and to a lower floor.
You have a pair of large antennae on your head. (SInv)
Your four strong arms can wield two-handed weapons with a shield.


Message History

The ball python barely misses you.
The bullfrog hits your +4 spectral quarterstaff.
Your spectral weapon shares its damage with you!
The ball python loses its grip on you.
The ball python bites your +4 spectral quarterstaff but does no damage.
The bullfrog hits you.
You catch the helpless bullfrog completely off-guard!
You hit the bullfrog.
The bullfrog is almost dead.
Your +4 spectral quarterstaff barely misses the bullfrog.
The bullfrog hits you. The ball python barely misses you.
The ball python grabs you. The ball python constricts you.
The bullfrog hits you! The ball python bites you. x3
* * * LOW HITPOINT WARNING * * *
The bullfrog hits you!
* * * LOW HITPOINT WARNING * * *
The ball python barely misses you. The ball python constricts you.
* * * LOW HITPOINT WARNING * * *
Okay, then.
It was a potion of curing.
You feel better.
Your +4 spectral quarterstaff disappears.
The bullfrog barely misses you.
The ball python bites you but does no damage.
The bullfrog hits you.
* * * LOW HITPOINT WARNING * * *
The ball python bites you but does no damage.
The ball python bites you.
* * * LOW HITPOINT WARNING * * *
The ball python bites you.
* * * LOW HITPOINT WARNING * * *
The ball python constricts you. The bullfrog hits you.
* * * LOW HITPOINT WARNING * * *
The ball python bites you but does no damage.
The bullfrog swells and bulges.
The bullfrog hits you.
* * * LOW HITPOINT WARNING * * *
It was a potion of cancellation.
You feel magically purged.
The ball python bites you but does no damage.
The bullfrog hits you!
You die...

#####################
###.#~≈≈≈≈~~~≈SS≈≈~~...
##...~≈≈≈≈~≈~S@F#~~≈~~..
#.....~≈~~~~#SFSl~≈~~...
#....~~~~~~~~≈S~~~~~≈~..
##....~≈~≈≈≈≈≈≈≈≈~≈≈~≈~..
#......~≈≈≈≈≈≈≈≈≈≈≈≈≈~#..
#....################## #
##...#### #....#..#
#....'..#


You could see 2 bullfrogs, 6 ball pythons and a frilled lizard.

Vanquished Creatures
  2 hounds (D:4)
  An orc wizard (D:3)
  6 adders
  A river rat (Sewer)
  4 dart slugs
  A ribbon worm (D:4)
  4 orcs (D:3)
  6 endoplasms
  2 giant cockroaches (D:4)
  5 goblins
  6 hobgoblins
  2 jackals
  3 quokkas
  13 ball pythons
  5 bats
  7 frilled lizards
  4 kobolds
  27 rats
99 creatures vanquished.

Vanquished Creatures (others)
  A hobgoblin (D:1)
1 creature vanquished.

Grand Total: 100 creatures vanquished

Notes
Turn   | Place    | Note
-------+----------+-------------------------------------------
     0 | D:1      | lyrin the Formicid Monk began the quest for the Orb.
     0 | D:1      | Reached XP level 1. HP: 18/18 MP: 1/1
   185 | D:1      | Noticed a shining eye
   189 | D:1      | Found a faded altar of an unknown god.
   190 | D:1      | Noticed a shining eye
   190 | D:1      | Noticed a glass eye
   190 | D:1      | Noticed a shining eye
   219 | D:1      | Reached XP level 2. HP: 24/24 MP: 2/2
   567 | D:1      | Reached XP level 3. HP: 18/29 MP: 3/3
  1187 | D:2      | Reached XP level 4. HP: 22/37 MP: 4/4
  1684 | D:3      | Reached skill level 4 in Polearms
  2137 | D:3      | Reached XP level 5. HP: 35/42 MP: 5/5
  2766 | D:4      | Found a radiant altar of Vehumet.
  2770 | D:4      | Identified the +1 robe "Osaikeysch" {rC+ Str+3}
  2877 | D:4      | Reached skill level 5 in Polearms
  2934 | D:4      | Reached XP level 6. HP: 49/49 MP: 6/6
  2961 | D:4      | Found a glowing drain.
  2977 | Sewer    | Entered a sewer
  3412 | Sewer    | Reached skill level 1 in Staves
  3415 | Sewer    | Slain by a bullfrog

Illustrated notes

Levels and vault maps discovered:
D:1:      minmay_arrival_nine_rooms, layout_loops_ring,
          hellmonk_ecumenical_altar_watching_god, hangedman_decor_lopped
D:2:      layout_loops_ring, nrook_mini_backslash, minivault_24,
          serial_bayou_pond_b
D:3:      layout_basic, minivault_19, palyth_stone_intersect,
          serial_bayou_lake_a
D:4:      layout_loops_ring, kennysheep_little_box, amcnicky_altar_gilded,
          chequers_temple_overflow_minitemple, portal_sewer_entry_f,
          dk_noncrumbling_2
Sewer:    sewer_minmay_w

Skill      XL: |  1  2  3  4  5  6 |
---------------+-------------------+-----
Dodging        | 3 |  3.6
Polearms       | 4 5 |  5.1
Fighting       | 4 |  4.5
Staves         | 1 |  1.0

Action                     |  1- 3 |  4- 6 || total
---------------------------+-------+-------++-------
  Melee: Spear             |   104 |    36 ||   140
         Halberd           |       |    39 ||    39
         Quarterstaff      |       |    82 ||    82
Ability: Dig               |       |     1 ||     1
    Use: Scroll            |       |     6 ||     6
         Potion            |       |     3 ||     3
   Stab: Sleeping          |     1 |       ||     1
         Distracted        |       |     1 ||     1
 Armour: Robe              |    34 |   173 ||   207
  Dodge: Dodged            |    44 |   129 ||   173

Table legend: (Time is in decaauts)
 A = Elapsed time spent in this place.
 B = Non-inter-level travel time spent in this place.
 C = Inter-level travel time spent in this place.
 D = Time resting spent in this place.
 E = Time spent auto-exploring this place.
 F = Levels seen in this place.
 G = Mean time per level.
                   A        B        C        D        E       F      G
               +--------+--------+--------+--------+--------+-----+--------+
         Total |   3492 |   3412 |     80 |    128 |   2337 |   5 |  698.4 |
       Dungeon |   3001 |   2921 |     80 |      0 |   2156 |   4 |  750.2 |
         Sewer |    490 |    490 |      0 |    128 |    181 |   1 |  490.0 |
               +--------+--------+--------+--------+--------+-----+--------+

Top non-repeatable levels by time:
     D:3: 1217 daAuts
     D:1: 783 daAuts
     D:2: 749 daAuts
   Sewer: 490 daAuts
     D:4: 250 daAuts
